 Dungeon Crawl Stone Soup version 0.32-a0-350-g4f4d228785 (webtiles) character file.

Game seed: 4421022548587600496

545 Strat the Caller (level 7, 44/58 HPs)
             Began as a Yellow Draconian Summoner on Feb 17, 2024.
             Quit the game on level 4 of the Dungeon.
             The game lasted 00:06:14 (3321 turns).

Strat the Caller (Yellow Draconian Summoner)        Turns: 3321, Time: 00:06:14

Health: 44/58      AC:  6    Str: 11    XL:     7   Next: 6%
Magic:  7/11       EV: 12    Int: 17    God:
Gold:   116        SH:  0    Dex: 11    Spells: 5/11 levels left

rFire   . . .        a - +6 mace "Qoefator" {elec, rPois rC+ SInv}
rCold   + . .        (no shield)
rNeg    . . .        (body armour unavailable)
rPois   +            (helmet restricted)
rElec   .            (no cloak)
rCorr   +            (no gloves)
SInv    +            (no boots)
Will    .....        (no amulet)
Stlth   ++           o - ring of poison resistance
HPRegen 0.29/turn    (no ring)
MPRegen 0.12/turn

%: no passive effects
@: no status effects
A: spit acid, AC +6, unfitting armour, cold-blooded, acid resistance
a: Breathe Acid


You were on level 4 of the Dungeon.
You visited 1 branch of the dungeon, and saw 4 of its levels.

You collected 116 gold pieces.

Inventory:

Hand Weapons
 a - the +6 mace "Qoefator" (weapon) {elec, rPois rC+ SInv}
   (You found it on level 2 of the Dungeon)

   rC+:       It protects you from cold.
   rPois:     It protects you from poison SInv: It lets you see invisible.
 i - a +0 glaive
 j - a +0 spear
 k - a +2 dagger of freezing
Jewellery
 o - a ring of poison resistance (left hand)
 s - a ring of ice
Wands
 n - a wand of flame (18)
Scrolls
 c - 2 scrolls of vulnerability {unknown}
 e - 3 scrolls of revelation {unknown}
 f - 2 scrolls of blinking {unknown}
 g - a scroll of identify {unknown}
 h - a scroll of noise {unknown}
 l - a scroll of immolation {unknown}
 m - a scroll of poison {unknown}
 p - 2 scrolls of teleportation {unknown}
 t - a scroll of amnesia {unknown}
Potions
 b - a potion of berserk rage {unknown}
 d - 2 potions of magic
 q - a potion of attraction {unknown}
 r - a potion of ambrosia {unknown}
 u - a potion of lignification {unknown}


   Skills:
 + Level 3.8 Fighting
 - Level 1.7 Dodging
 - Level 1.7 Stealth
 + Level 2.7 Spellcasting
 + Level 7.3 Summonings


You had 5 spell levels left.
You knew the following spells:

 Your Spells              Type           Power      Damage    Failure   Level
a - Summon Small Mammal   Summ           100%       N/A       1%          1
b - Call Imp              Summ           54%        N/A       1%          2
c - Call Canine Familiar  Summ           27%        N/A       2%          3

Your spell library contained the following spells:

 Spells                   Type           Power      Damage    Failure   Level
 Kiss of Death            Conj/Necr      8%         2d6       19%         1
 Magic Dart               Conj           8%         1d3       19%         1
 Searing Ray              Conj           4%         2d4       26%         2
 Summon Blazeheart Golem  Fire/Summ      14%        N/A       36%         4
 Summon Lightning Spire   Summ/Air       14%        N/A       36%         4
 Confusing Touch          Hex            2%         N/A       47%         3
 Dispel Undead            Necr           2%         3d7       87%         4
 Fulminant Prism          Conj/Alch      1%         3d5       87%         4


Dungeon Overview and Level Annotations

Branches:
Dungeon (4/15)
 Temple: D:4-7

Altars:


Innate Abilities, Weirdness & Mutations

You can spit globs of acid.
Your golden yellow scales are hard. (AC +6)
You cannot fit into any form of body armour.
You are cold-blooded and may be slowed by cold attacks.
You are resistant to acid. (rCorr)


Message History

The black bear claws you but does no damage.
You barely miss the black bear.
The black bear is moderately wounded.
The black bear bites you but does no damage.
The black bear misses you.
The black bear claws you but does no damage.
The black bear barely misses you. The black bear closely misses you. x2
You closely miss the black bear. You tail-slap the black bear.
The black bear is heavily wounded.
The black bear misses you. The black bear closely misses you.
The black bear claws you but does no damage.
Casting: Call Canine Familiar (dangerous; 3% risk of failure)
Confirm with . or Enter, or press ? or * to list all spells.
A tiny devil pulls itself out of the air.
The black bear bites you.
The black bear claws you but does no damage.
The black bear claws you.
You hit the black bear but do no damage.
The black bear is heavily wounded.
The black bear bites you.
The black bear claws you but does no damage.
The black bear closely misses you.
Your cerulean imp barely misses the black bear.
The black bear bites you.
The black bear claws you but does no damage. x2
You hit the black bear but do no damage.
You tail-slap the black bear.
The black bear is heavily wounded.
Your cerulean imp hits the black bear but does no damage.
The black bear bites you but does no damage.
The black bear closely misses you.
The black bear claws you but does no damage.
You hit the black bear.
Lightning courses through the black bear!
You kill the black bear!
You have reached level 7!
Your scales start taking on a golden yellow colour.
You can spit globs of acid.
You feel resistant to acid.
Are you sure you want to abandon this character and quit the game? (Confirm with "yes".)

#.....#.#...........
#.....#.#............
#.....###.....#......
##..### ##..####.....
### ###..#...#..
..### #..##...###.
###..######....## #.
#.....#.#.....## #.
#.5@..#.#....## ##.
#..†..#.#.....# #..
.. #.....###.....#
##.. #..
###...........####...
..#
########.....##...#
#.# ##........## #.#
##......### #####.#
##....## # ##....##
### ##...# ##


You could see a friendly cerulean imp (summoned).

Vanquished Creatures
  A black bear (D:4)
  A phantom (D:4)
  A scorpion (D:4)
  A hound (D:4)
  An iguana (D:4)
  2 adders
  A ribbon worm (D:2)
  4 dart slugs
  7 orcs
  6 ball pythons
  4 bats
  6 endoplasms
  10 goblins
  8 hobgoblins
  7 jackals (D:2)
  2 quokkas
  3 frilled lizards
  4 kobolds
  A rat (D:1)
70 creatures vanquished.

Vanquished Creatures (collateral kills)
  A hound (D:4)
  Robin (D:2)
  2 adders
  A dart slug (D:2)
  3 endoplasms
  8 goblins
  3 hobgoblins (D:2)
  2 ball pythons
  2 frilled lizards (D:1)
  2 kobolds (D:1)
  A rat (D:1)
26 creatures vanquished.

Grand Total: 96 creatures vanquished

Notes
Turn   | Place    | Note
-------+----------+-------------------------------------------
     0 | D:1      | Strat the Draconian Summoner began the quest for the Orb.
     0 | D:1      | Reached XP level 1. HP: 14/14 MP: 3/3
   126 | D:1      | Reached skill level 1 in Fighting
   236 | D:1      | Reached XP level 2. HP: 23/23 MP: 3/5
   239 | D:1      | Learned a level 2 spell: Call Imp
   422 | D:1      | Reached XP level 3. HP: 29/29 MP: 6/6
   993 | D:2      | Reached XP level 4. HP: 37/37 MP: 7/7
  1015 | D:2      | Learned a level 3 spell: Call Canine Familiar
  1105 | D:2      | Reached skill level 5 in Summonings
  1405 | D:2      | Noticed Robin
  1421 | D:2      | Killed Robin
  1549 | D:2      | Reached XP level 5. HP: 45/45 MP: 8/8
  1639 | D:2      | Identified the +6 mace "Qoefator" {elec, rPois rC+ SInv}
  2077 | D:3      | Reached skill level 6 in Summonings
  2717 | D:4      | Noticed a phantom
  2736 | D:4      | Killed a phantom
  2737 | D:4      | Reached XP level 6. HP: 42/51 MP: 5/9
  2897 | D:4      | Reached skill level 7 in Summonings
  3321 | D:4      | Your scales start taking on a golden yellow colour.
  3321 | D:4      | Reached XP level 7. HP: 44/58 MP: 7/11
  3321 | D:4      | Gained mutation: You are resistant to acid. (rCorr) [Yellow
                  | Draconian growth]
  3321 | D:4      | Quit the game

Illustrated notes

Levels and vault maps discovered:
D:1:      giann_horns, layout_rooms, palyth_stone_intersect,
          corexii_item_surrounded_by_moat
D:2:      layout_basic, chequers_serial_rivers_micro_e, uniq_robin
D:3:      layout_loops_ring
D:4:      layout_layer_cave, nicolae_houndstooth_variations

Skill      XL: |  1  2  3  4  5  6 |
---------------+-------------------+-----
Fighting       | 1 2 3 |  3.8
Summonings     | 5 6 7 |  7.3
Dodging        | |  1.7
Stealth        | |  1.7
Spellcasting   | |  2.7

Action                     |  1- 3 |  4- 6 |  7- 9 || total
---------------------------+-------+-------+-------++-------
  Melee: Unarmed           |     3 |       |       ||     3
         Tailslap          |     5 |    19 |       ||    24
         Dagger            |    68 |    43 |       ||   111
         Mace              |       |    79 |       ||    79
   Cast: Summon Small Mamm |    10 |       |       ||    10
         Call Imp          |     1 |    13 |       ||    14
         Call Canine Famil |       |     4 |       ||     4
   Stab: Sleeping          |     3 |     2 |       ||     5
 Armour: Skin              |    38 |    77 |       ||   115
  Dodge: Dodged            |    39 |    95 |       ||   134

Table legend: (Time is in decaauts)
 A = Elapsed time spent in this place.
 B = Non-inter-level travel time spent in this place.
 C = Inter-level travel time spent in this place.
 D = Time resting spent in this place.
 E = Time spent auto-exploring this place.
 F = Levels seen in this place.
 G = Mean time per level.
                   A        B        C        D        E       F      G
               +--------+--------+--------+--------+--------+-----+--------+
         Total |   3349 |   3270 |     79 |     88 |   2341 |   4 |  837.2 |
       Dungeon |   3349 |   3270 |     79 |     88 |   2341 |   4 |  837.2 |
               +--------+--------+--------+--------+--------+-----+--------+

Top non-repeatable levels by time:
     D:2: 1057 daAuts
     D:4: 874 daAuts
     D:1: 736 daAuts
     D:3: 681 daAuts
